 Dungeon Crawl Stone Soup version 0.30.1-11-g7821555f0a (webtiles) character file.

Game seed: 9144956577314742692

41 FinalFate the Trooper (level 3, -10/34 HPs)
             Began as a Minotaur Berserker on Jan 17, 2024.
             Was a Follower of Trog.
             Killed from afar by Blork the orc (12 damage)
             ... with a puff of flame
             ... on level 4 of the Dungeon.
             The game lasted 00:07:13 (1511 turns).

FinalFate the Trooper (Minotaur Berserker)          Turns: 1511, Time: 00:07:16

Health: -10/34     AC:  2    Str: 23    XL:     3   Next: 32%
Magic:  2/2        EV: 12    Int:  4    God:    Trog [*.....]
Gold:   85         SH:  0    Dex:  9    Spells: 2/2 levels left

rFire   . . .        a - +0 hand axe
rCold   . . .        (no shield)
rNeg    . . .        b - +0 animal skin
rPois   .            (helmet restricted)
rElec   .            (no cloak)
rCorr   .            (no gloves)
SInv    .            (no boots)
Will    .....        (no amulet)
Stlth   +            (no ring)
HPRegen 0.25/turn    (no ring)
MPRegen 0.08/turn

%: no passive effects
@: on berserk cooldown, slowed, very slow
A: horns 2, retaliatory headbutt
a: Renounce Religion, Berserk


You were on level 4 of the Dungeon.
You worshipped Trog.
Trog was aware of your devotion.
You visited 1 branch of the dungeon, and saw 4 of its levels.

You collected 85 gold pieces.

Inventory:

Hand Weapons
 a - a +0 hand axe (weapon)
 p - a +0 heavy hand axe
Missiles
 j - a throwing net (quivered)
Armour
 b - a +0 animal skin (worn)
Wands
 l - a wand of flame (8)
Scrolls
 f - a scroll of butterflies {unknown}
 i - 3 scrolls of teleportation {unknown}
 k - a scroll of fear {unknown}
 n - a scroll of noise {unknown}
 o - 2 scrolls of identify {unknown}
 q - a scroll of fog {unknown}
Potions
 d - 2 potions of degeneration {unknown}
 e - a potion of flight {unknown}
 g - 6 potions of magic {unknown}
 h - 2 potions of lignification {unknown}
 m - a potion of ambrosia {unknown}
Miscellaneous
 r - a piece from Xom's chessboard (15/15)


   Skills:
 * Level 4.4 Fighting
 * Level 4.3 Axes
 * Level 2.7 Armour
 * Level 2.5 Dodging


You had 2 spell levels left.
You didn't know any spells.
Your spell library was empty.

Dungeon Overview and Level Annotations

Branches:
Dungeon (3/15)

Altars:
Xom

Shops:
D:1 *(?!

Annotations:
D:4 Blork the orc


Innate Abilities, Weirdness & Mutations

You have a pair of horns on your head.
You reflexively headbutt those who attack you in melee.


Message History

Blork the orc is heavily wounded.
You feel the effects of Trog's Hand fading.
Blork the orc casts a spell at you. The puff of frost hits you!
You closely miss Blork the orc.
Blork the orc is heavily wounded.
Blork the orc hits you with a +0 glaive!
You are too injured to fight recklessly!
You are too injured to fight recklessly!
You are too injured to fight recklessly!
You are too injured to fight recklessly!
You are too injured to fight recklessly!
Blork the orc is nearby!
Blork the orc is nearby!
You feel a strong urge to attack something.
You are no longer berserk.
You are exhausted.
You feel yourself slow down.
It was a potion of curing.
You feel better. Blork the orc closely misses you.
You feel better.
Your skin stops crawling.
You feel less strong-willed.
Blork the orc hits you from afar with a +0 glaive!
Ouch! That really hurt!
Blork the orc barely misses you.
You feel better.
Blork the orc hits you from afar with a +0 glaive!
You feel better. Blork the orc barely misses you. x2
Blork the orc looks satisfied for a moment.
You barely miss Blork the orc.
Blork the orc is heavily wounded.
Blork the orc hits you with a +0 glaive! x2
* * * LOW HITPOINT WARNING * * *
You hit Blork the orc but do no damage. Your headbutt misses Blork the orc.
Blork the orc is heavily wounded.
Blork the orc points at you and mumbles some strange words.
The magic dart hits you.
* * * LOW HITPOINT WARNING * * *
Blork the orc points at you and mumbles some strange words.
The puff of flame hits you!
You die...

#....# ##=...
...... ....# .
#...# .# #...# #.
## #...#### ##. ..#
#.o.##.## #.##.# #
#.@.#.#.###.#.### #
#†...###.#...#.#.##
.........##
##.._.......
.>......##
#....#####.
.........
#.##...#...
######...
#.###...#.## #...#
#.# ###...##
#...##.# #......#
#...### #.#.##.#


You could see Blork the orc.

Vanquished Creatures
  4 orcs (D:3)
  4 bats
  3 endoplasms
  3 giant cockroaches
  3 goblins
  2 hobgoblins
  6 ball pythons
  2 frilled lizards
  7 rats
34 creatures vanquished.

Notes
Turn   | Place    | Note
-------+----------+-------------------------------------------
     0 | D:1      | FinalFate the Minotaur Berserker began the quest for the
                  | Orb.
     0 | D:1      | Reached XP level 1. HP: 19/19 MP: 0/0
    38 | D:1      | Found Vuvu's Weapon Emporium.
   146 | D:1      | Found Wuyteveg's Assorted Antiques.
   151 | D:1      | Reached XP level 2. HP: 22/27 MP: 1/1
   276 | D:1      | Found Coshojec's Magic Scroll Emporium.
   386 | D:1      | Found Yzec's Distillery.
   994 | D:2      | Found a faded altar of an unknown god.
  1125 | D:3      | Reached XP level 3. HP: 27/33 MP: 2/2
  1249 | D:3      | Reached ** piety under Trog
  1445 | D:3      | Identified the +2 robe "Fedoschi" {Will+ Str+2 Dex+3}
  1467 | D:3      | You fall into a shaft and drop 1 floor!
  1478 | D:4      | Found a shimmering altar of Xom.
  1492 | D:4      | Noticed Blork the orc
  1511 | D:4      | Killed from afar by Blork the orc

Illustrated notes

Levels and vault maps discovered:
D:1:      erik_arrival_triangle_medium, layout_basic, serial_shops, shop, shop,
          shop, shop
D:2:      layout_rooms, hellmonk_ecumenical_altar_inner_sanctum, minivault_11
D:3:      layout_loops_ring
D:4:      layout_loops_cross, xom_butterflies, minmay_temple_entry_glassed_door,
          uniq_blork_the_orc

Skill      XL: |  1  2 |
---------------+-------+-----
Axes           | 4 |  4.3
Fighting       | 4 |  4.4
Armour         | |  2.7
Dodging        | |  2.5

Action                     || total
---------------------------++-------
  Melee: Hand axe          ||    75
         Headbutt          ||    10
 Invoke: Berserk           ||     1
         Trog's Hand       ||     1
    Use: Potion            ||     4
 Armour: Animal skin       ||     9
  Dodge: Dodged            ||    48
